AoeStats
← kimbo

Baltic

510655508Analyzed
2v2 RM · 1d ago on Oct 2, 2026· 36m 17s· 4 players
Game mode
Random Map
Map size
Medium (4 player)
Population
200
Speed
Normal
Resources
Standard
Victory
Conquest
Starting age
Dark Age
Ending age
Imperial Age
RankedLock teamsTeams togetherTeam positionsShared explorationLock speedFull tech treeHidden civsTurbo modeCheats
Victory
Defeat
🇪🇸 Bengalis · Spain
1342
+17
🇺🇸 Romans · United States
1276
+19
🇦🇷 Persians · Argentina
1365
-18
🇦🇷 Danes · Argentina
1344
-18
Bertu
5:39 Loom
11:44 Feudal Age
16:22 Castle Age
14:56 Double-Bit Axe
15:21 Horse Collar
15:54 Scale Mail Armor
18:27 Bow Saw
18:48 Medium Warships
18:24 Man-at-Arms
19:36 Squires
19:52 Chain Mail Armor
21:32 Long Swordsman
22:46 Pikeman
24:36 Forging
26:29 Iron Casting
32:17 Wheelbarrow
36:15 Imperial Age
33:48 Stone Mining
33:49 Gold Mining
33:52 Stone Mining
36:10 Fletching
Aresda
5:17 Loom
10:30 Feudal Age
11:51 Double-Bit Axe
12:55 Horse Collar
15:48 Fishing Lines
20:34 Castle Age
19:09 Forging
18:52 Fletching
21:43 Medium Warships
24:56 Wheelbarrow
25:41 Town Watch
26:06 Gillnets
27:50 Bodkin Arrow
28:19 Padded Archer Armor
28:32 Bloodlines
28:23 Husbandry
31:38 Hand Cart
32:30 Bow Saw
32:43 Heavy Plow
33:37 Ballistics
36:31 Imperial Age
36:15 Leather Archer Armor
kimbo
5:05 Loom
10:51 Feudal Age
16:46 Castle Age
15:43 Double-Bit Axe
19:39 Bow Saw
19:17 Horse Collar
20:49 Padded Archer Armor
20:40 Fletching
22:22 Bodkin Arrow
22:08 Crossbowman
32:31 Leather Archer Armor
36:15 Imperial Age
35:41 Murder Holes
35:57 Masonry
Pingocho
8:42 Feudal Age
10:16 Double-Bit Axe
14:46 Loom
15:28 Gold Mining
18:02 Castle Age
16:39 Scale Barding Armor
16:30 Horse Collar
19:31 Wheelbarrow
19:17 Bow Saw
20:42 Chain Barding Armor
21:33 Fletching
22:15 Forging
23:08 Bloodlines
25:26 Iron Casting
27:03 Bodkin Arrow
28:05 Husbandry
28:46 Gold Shaft Mining
35:36 Hand Cart
35:16 Stone Mining
Connection lost

Rejoining the realm…

Still unreachable

The connection could not be restored.

Session expired

The server has moved on; the page needs a fresh start.